 Dungeon Crawl Stone Soup version 0.20.1-1-g8b1a95d (webtiles) character file.

4816 Irenicus the Eclecticist (level 10, -7/67 HPs)
             Began as a Mummy Necromancer on Nov 5, 2017.
             Was a Believer of Yredelemnul.
             Mangled by a killer bee (8 damage)
             ... on level 10 of the Dungeon.
             The game lasted 00:35:16 (6067 turns).

Irenicus the Eclecticist (Mummy Necromancer)        Turns: 6067, Time: 00:35:17

Health: -7/67      AC:  5    Str: 11    XL:     10   Next: 24%
Magic:  1/29       EV: 12    Int: 22    God:    Yredelemnul [**....]
Gold:   213        SH:  0    Dex: 16    Spells: 20/39 levels left

rFire    . . .     SeeInvis +   s - +7 shortbow "Xasmaf" {flame, *Drain rF+ MR++ Dex+2}
rCold    + + .     Gourm    .   (shield currently unavailable)
rNeg     + + +     Faith    .   u - +0 leather armour {MR+}
rPois    ∞         Spirit   .   (no helmet)
rElec    .         Reflect  .   (no cloak)
rCorr    .         Harm     .   c - +0 pair of gloves
MR       ++++.                  y - +0 pair of boots "Maczon" {Int+5} (curse)
Stlth    ++........             j - amulet of magic regeneration
Regen    0.3/turn               r - ring of protection from cold
MPRegen  0.4/turn               A - ring of see invisible

@: very slightly contaminated
A: no food or potions, fire vulnerability, cold resistance 1, negative energy
resistance 3, torment resistance, unbreathing
a: Animate Remains, Recall Undead Slaves, Injury Mirror, Renounce Religion


You were on level 10 of the Dungeon.
You worshipped Yredelemnul.
Yredelemnul was pleased with you.
You were not hungry.

You visited 2 branches of the dungeon, and saw 11 of its levels.

You collected 517 gold pieces.
You spent 304 gold pieces at shops.

Inventory:

Hand Weapons
 s - the +7 shortbow "Xasmaf" (weapon) {flame, *Drain rF+ MR++ Dex+2}
   (You found it on level 7 of the Dungeon)

   It causes projectiles fired from it to burn those they strike, causing extra
   injury to most foes and up to half again as much damage against particularly
   susceptible opponents.
   It affects your dexterity (+2).
   It protects you from fire.
   It affects your resistance to hostile enchantments.
   It causes draining when unequipped.
Missiles
 v - an arrow (quivered)
Armour
 c - a +0 pair of gloves (worn)
 u - a +0 leather armour of magic resistance (worn)
 y - the cursed +0 pair of boots "Maczon" (worn) {Int+5}
   (You bought it in a shop on level 8 of the Dungeon)

   It affects your intelligence (+5).
   It has a curse placed upon it.
Magical Staves
 h - an uncursed staff of summoning
 i - an uncursed staff of wizardry
Jewellery
 j - an amulet of magic regeneration (around neck)
 m - an uncursed ring of protection from cold
 r - a ring of protection from cold (left hand)
 t - an uncursed ring of protection from magic
 z - an uncursed amulet of regeneration
 A - a ring of see invisible (right hand)
Wands
 g - a wand of digging (12/24)
 q - a wand of acid (2/15)
 x - a wand of scattershot (7/9)
Scrolls
 a - 5 scrolls of magic mapping
 d - 7 scrolls of remove curse
 e - a scroll of brand weapon {unknown}
 f - 6 scrolls of identify
 k - 2 scrolls of teleportation
 l - a scroll of fear
 n - a scroll of enchant weapon
 o - a scroll of immolation {unknown}
 w - a scroll of acquirement {unknown}
 B - a scroll of fog {unknown}
Books
 b - a book of Necromancy

   Spells                             Type                      Level
   a - Pain                           Necromancy                   1
   b - Animate Skeleton               Necromancy                   1
   c - Vampiric Draining              Necromancy                   3
   d - Regeneration                   Charms/Necromancy            3
   e - Animate Dead                   Necromancy                   4
   f - Control Undead                 Necromancy                   4
 p - a book of Flames

   Spells                             Type                      Level
   a - Flame Tongue                   Conjuration/Fire             1
   b - Throw Flame                    Conjuration/Fire             2
   c - Conjure Flame                  Conjuration/Fire             3
   d - Inner Flame                    Hexes/Fire                   3
   e - Sticky Flame                   Conjuration/Fire             4
   f - Fireball                       Conjuration/Fire             5
 C - a book of Callings

   Spells                             Type                      Level
   a - Summon Small Mammal            Summoning                    1
   b - Call Imp                       Summoning                    2
   c - Call Canine Familiar           Summoning                    3
   d - Summon Guardian Golem          Hexes/Summoning              3
   e - Summon Lightning Spire         Summoning/Air                4
   f - Summon Ice Beast               Ice/Summoning                4
 D - a book of Frost

   Spells                             Type                      Level
   a - Freeze                         Ice                          1
   b - Throw Frost                    Conjuration/Ice              2
   c - Ozocubu's Armour               Charms/Ice                   3
   d - Throw Icicle                   Conjuration/Ice              4
   e - Summon Ice Beast               Ice/Summoning                4


   Skills:
 - Level 2.1 Fighting
 - Level 2.2 Bows
 - Level 1.5 Dodging
 - Level 1.5 Stealth
 - Level 15.0 Spellcasting
 + Level 7.6 Necromancy


You had 20 spell levels left.
You knew the following spells:

 Your Spells              Type           Power        Failure   Level  Hunger
a - Pain                  Necr           ####         1%          1    N/A
b - Animate Skeleton      Necr           N/A          1%          1    N/A
c - Control Undead        Necr           #####.....   1%          4    N/A
d - Animate Dead          Necr           N/A          1%          4    N/A
e - Vampiric Draining     Necr           #####.....   1%          3    N/A
f - Conjure Flame         Conj/Fire      ###.....     14%         3    N/A
g - Summon Guardian Gole  Hex/Summ       ###.....     14%         3    N/A

Dungeon Overview and Level Annotations

Branches:
Dungeon (10/15)            Temple (1/1) D:7            Lair (0/6) D:9
    Orc: D:9-12

Altars:
Ashenzari
Dithmenos
Elyvilon
Qazlal
Trog
Xom
Yredelemnul
The Shining One

Shops:
D:8 }[[

Annotations:
D:4 Grinder


Innate Abilities, Weirdness & Mutations

You do not eat or drink.
Your flesh is vulnerable to fire.
You are immune to poison.
Your flesh is cold resistant. (rC+)
You are immune to negative energy. (rN+++)
You are immune to unholy pain and torment.
You can survive without breathing.


Message History

The killer bee closely misses you. The killer bee misses you.
The killer bee stings you!
* * * LOW HITPOINT WARNING * * *
The killer bee stings you!
* * * LOW HITPOINT WARNING * * *
You can't drink.
Okay, then.
Casting: Vampiric Draining
Confirm with . or Enter, or press ? or * to list all spells.
Okay, then.
Casting: Vampiric Draining
Confirm with . or Enter, or press ? or * to list all spells.
Aiming: Pain
Press: ? - help, Shift-Dir - straight line, f/p - killer bee
Aim: a killer bee (heavily wounded, berserk, fast, unusually strong, chance to defeat MR: 89%)
The killer bee writhes in agony!
The killer bee barely misses you.
The killer bee stings you but does no damage.
The killer bee stings you!
You die...
Yredelemnul claims you as an undead slave.

........#.#.# .###..##....# .#
#........# .###.###...## .....#
##.## .##### #.# #### #.# .. .#
#.# #.. #.# #.# .# ##'## #>#
#.###.## .# ##...## #@# #.......
.# ##.....## #y#### #.##..##
######.......###y##.## #.##..##
...##.........##y#...#####.##....
....'........y(y.8.[.............
.#.##........†##.#...#####.##....
##.###.......###.##.## #.......
##.# ##.(.y.## #.#### #####...
#.# ##.yy## ... #.#.


You could see a queen bee, 3 killer bees and a friendly guardian golem.

Vanquished Creatures
  2 two-headed ogres (D:8)
  A hippogriff (D:9)
  A wyvern (D:10)
  Edmund (D:4)
  2 water moccasins
  A black bear (D:4)
  2 orc warriors
  A phantom (D:8)
  A sky beast (D:7)
  5 ogres
  2 centaurs
  A bullfrog (D:7)
  4 killer bees (D:10)
  A crimson imp (D:8)
  A bullfrog zombie (D:8)
  4 hounds
  6 orc priests
  A bullfrog skeleton (D:10)
  5 orc wizards
  A centaur skeleton (D:8)
  3 iguanas
  Natasha (twice) (D:2)
  9 worker ants
  A killer bee zombie (D:8)
  4 adders
  6 gnolls
  2 oozes (D:1)
  2 worms
  A leopard gecko (D:5)
  11 orcs
  2 ball pythons (D:4)
  4 bats
  2 giant cockroaches
  6 goblins
  4 hobgoblins
  2 jackals (D:9)
  10 kobolds
  4 quokkas
  4 frilled lizards
  A giant cockroach zombie (D:5)
  5 rats
128 creatures vanquished.

Vanquished Creatures (collateral kills)
  A hippogriff (D:7)
  An ice beast (D:8)
  A necrophage (D:6)
  2 big kobolds
  A bullfrog (D:7)
  2 crimson imps
  A quasit (D:9)
  2 centaur skeletons
  A hound (D:9)
  An iguana (D:5)
  A worker ant (D:6)
  A killer bee zombie (D:8)
  A worker ant zombie (D:6)
  2 gnolls (D:4)
  An adder (D:9)
  2 orcs (D:3)
  A bat (D:2)
  A hobgoblin (D:2)
  A quokka (D:3)
  A quokka skeleton (D:6)
25 creatures vanquished.

Grand Total: 153 creatures vanquished

Notes
Turn   | Place    | Note
-------+----------+-------------------------------------------
     0 | D:1      | Irenicus the Mummy Necromancer began the quest for the Orb.
     0 | D:1      | Reached XP level 1. HP: 13/13 MP: 4/4
    41 | D:1      | Reached XP level 2. HP: 17/19 MP: 0/5
   184 | D:1      | Learned a level 1 spell: Animate Skeleton
   564 | D:2      | Reached skill level 5 in Necromancy
   564 | D:2      | Reached XP level 3. HP: 13/24 MP: 0/7
   618 | D:2      | Learned a level 3 spell: Vampiric Draining
   854 | D:2      | Reached XP level 4. HP: 28/30 MP: 2/8
   990 | D:2      | Noticed Natasha
   998 | D:2      | Killed Natasha
  1071 | D:2      | Noticed Natasha
  1076 | D:2      | Killed Natasha
  1076 | D:2      | Reached skill level 3 in Spellcasting
  1076 | D:2      | Reached XP level 5. HP: 25/35 MP: 2/9
  1276 | D:3      | Reached skill level 4 in Spellcasting
  1289 | D:3      | Learned a level 4 spell: Control Undead
  1294 | D:3      | Learned a level 4 spell: Animate Dead
  1419 | D:3      | Reached skill level 5 in Spellcasting
  1693 | D:4      | Noticed a phantom
  1870 | D:4      | Noticed Edmund
  1878 | D:4      | HP: 1/35 [Edmund/flail of holy wrath (14)]
  1884 | D:4      | Killed Edmund
  1884 | D:4      | Reached skill level 6 in Spellcasting
  1884 | D:4      | Reached XP level 6. HP: 8/41 MP: 0/15
  2044 | D:4      | Reached skill level 7 in Spellcasting
  2074 | D:4      | Noticed Grinder
  2083 | D:4      | Paralysed by Grinder for 7 turns
  2104 | D:4      | Reached XP level 7. HP: 13/46 MP: 3/18
  2224 | D:4      | Reached skill level 8 in Spellcasting
  2631 | D:4      | Paralysed by Grinder for 7 turns
  2666 | D:4      | Paralysed by Grinder for 3 turns
  2677 | D:5      | Entered Level 5 of the Dungeon
  2942 | D:6      | Reached skill level 9 in Spellcasting
  3238 | D:6      | Reached skill level 10 in Spellcasting
  3238 | D:6      | Reached XP level 8. HP: 50/52 MP: 17/22
  3262 | D:6      | Learned a level 3 spell: Conjure Flame
  3608 | D:7      | Found a staircase to the Ecumenical Temple.
  3617 | Temple   | Entered the Ecumenical Temple
  3660 | Temple   | Became a worshipper of Yredelemnul the Dark
  3723 | D:7      | Reached skill level 11 in Spellcasting
  3749 | D:7      | Noticed a hippogriff
  3761 | D:7      | Killed a hippogriff
  3933 | D:7      | Got an ancient shortbow
  3934 | D:7      | Identified the +7 shortbow "Xasmaf" {flame, *Drain rF+ MR++ Dex+2} (You found it on level 7 of the Dungeon)
  3955 | D:7      | Reached skill level 12 in Spellcasting
  4288 | D:8      | Noticed a two-headed ogre
  4295 | D:8      | Killed a two-headed ogre
  4295 | D:8      | Reached skill level 13 in Spellcasting
  4295 | D:8      | Reached XP level 9. HP: 33/57 MP: 18/26
  4368 | D:8      | Found Xis Null's Gadget Shop.
  4408 | D:8      | Found Cicociow's Antique Armour Shoppe.
  4620 | D:8      | Reached * piety under Yredelemnul
  4722 | D:8      | Found Juibaxide's Armour Boutique.
  4732 | D:8      | Reached skill level 14 in Spellcasting
  4752 | D:8      | Bought the cursed +0 pair of boots "Maczon" {Int+5} for 304 gold pieces
  4780 | D:8      | Noticed a two-headed ogre
  4822 | D:8      | Killed a two-headed ogre
  4822 | D:8      | Reached skill level 15 in Spellcasting
  4840 | D:8      | Reached skill level 1 in Bows
  5142 | D:9      | Reached skill level 1 in Fighting
  5326 | D:9      | Reached XP level 10. HP: 59/67 MP: 25/29
  5597 | D:9      | Found a staircase to the Lair.
  5734 | D:9      | Reached ** piety under Yredelemnul
  5819 | D:10     | Entered Level 10 of the Dungeon
  5840 | D:10     | Learned a level 3 spell: Summon Guardian Golem
  6066 | D:10     | HP: 1/67 [killer bee (9)]
  6067 | D:10     | Mangled by a killer bee

Skill      XL: |  1  2  3  4  5  6  7  8  9 10 |
---------------+-------------------------------+-----
Necromancy     | 5 6 7 |  7.6
Spellcasting   | 3 6 7 10 13 15 | 15.0
Bows           | 2 |  2.2
Fighting       | 2 |  2.1
Dodging        | |  1.5
Stealth        | |  1.5

Action                   |  1- 3 |  4- 6 |  7- 9 | 10-12 || total
-------------------------+-------+-------+-------+-------++-------
Melee: Unarmed           |    15 |       |       |       ||    15
       Club              |    33 |    17 |       |       ||    50
       Staff             |       |     6 |    27 |       ||    33
       Shortbow          |       |       |     1 |       ||     1
 Fire: Shortbow          |       |       |    42 |     9 ||    51
 Cast: Pain              |    51 |    78 |   119 |    50 ||   298
       Animate Skeleton  |     4 |     5 |     7 |       ||    16
       Vampiric Draining |       |    15 |    48 |    11 ||    74
       Control Undead    |       |     3 |     2 |       ||     5
       Animate Dead      |       |     1 |    11 |     3 ||    15
       Conjure Flame     |       |       |     6 |     3 ||     9
       Summon Guardian G |       |       |       |     2 ||     2
Invok: Animate Remains   |       |       |       |     1 ||     1
Evoke: Wand              |       |       |     2 |       ||     2
  Use: Scroll            |       |     5 |     6 |     1 ||    12
 Stab: Sleeping          |     1 |       |     2 |       ||     3
       Betrayed ally     |       |       |     1 |       ||     1
Armor: Robe              |    12 |       |       |       ||    12
       Leather armour    |     4 |    11 |    20 |    16 ||    51
Dodge: Dodged            |    40 |    46 |    79 |    49 ||   214
